 Dungeon Crawl Stone Soup version 0.29-a0-542-g075992c915 (webtiles) character file.

Game seed: 9295479899552628942

697 MechDurjaeses the Shield-Bearer (level 7, -5/60 HPs)
             Began as a Gnoll Fighter on June 3, 2022.
             Slain by an ogre
             ... wielding a +0 giant club
              (29 damage)
             ... on level 5 of the Dungeon.
             The game lasted 00:09:33 (4948 turns).

MechDurjaeses the Shield-Bearer (Gnoll Fighter)     Turns: 4948, Time: 00:09:34

Health: -5/60      AC:  9    Str: 18    XL:     7   Next: 65%
Magic:  10/10      EV: 10    Int:  7    God:
Gold:   264        SH:  5    Dex: 11    Spells: 11/11 levels left

rFire   . . .      SeeInvis .   a - +0 trident
rCold   . . .      Faith    .   c - +0 buckler
rNeg    + . .      Spirit   .   b - +0 scale mail
rPois   .          Reflect  .   (no helmet)
rElec   .          Harm     .   (no cloak)
rCorr   .          Rampage  .   (no gloves)
Will    .....                   h - +0 pair of boots
Stlth   +.........              (no amulet)
HPRegen 0.20/turn               o - ring of positive energy
MPRegen 0.12/turn               (no ring)

@: no status effects
A: fangs 1, strong nose, distributed training
a: no special abilities


You were on level 5 of the Dungeon.
You visited 1 branch of the dungeon, and saw 6 of its levels.

You collected 264 gold pieces.

Inventory:

Hand Weapons
 a - a +0 trident (weapon)
Armour
 b - a +0 scale mail (worn)
 c - a +0 buckler (worn)
 h - a +0 pair of boots (worn)
 k - a +0 ring mail
Magical Staves
 v - a staff of death
 x - a staff of conjuration
Jewellery
 d - a ring of resist corrosion
 o - a ring of positive energy (left hand)
Wands
 u - a wand of digging (5)
Scrolls
 e - a scroll of magic mapping
 i - 3 scrolls of teleportation
 j - a scroll of silence
 n - a scroll of torment {unknown}
 p - a scroll of fog
 s - a scroll of vulnerability
 t - a scroll of immolation
 w - a scroll of blinking {unknown}
Potions
 f - a potion of cancellation {unknown}
 g - a potion of brilliance
 m - a potion of lignification
 q - 2 potions of mutation {unknown}
 r - a potion of magic
 z - a potion of curing
 A - a potion of degeneration {unknown}


   Skills:
 + Level 7.1 Fighting
 + Level 2.6 Short Blades
 + Level 2.6 Long Blades
 + Level 2.6 Axes
 + Level 2.6 Maces & Flails
 + Level 5.3 Polearms
 + Level 2.6 Staves
 + Level 2.6 Slings
 + Level 2.6 Bows
 + Level 2.6 Crossbows
 + Level 2.6 Throwing
 + Level 7.1 Armour
 + Level 2.6 Dodging
 + Level 2.6 Stealth
 + Level 7.1 Shields
 + Level 2.6 Unarmed Combat
 + Level 2.6 Spellcasting
 + Level 2.1 Conjurations
 + Level 2.1 Hexes
 + Level 2.1 Summonings
 + Level 2.1 Necromancy
 + Level 2.1 Translocations
 + Level 2.1 Transmutations
 + Level 2.1 Fire Magic
 + Level 2.1 Ice Magic
 + Level 2.1 Air Magic
 + Level 2.1 Earth Magic
 + Level 2.1 Poison Magic
 + Level 2.9 Invocations
 + Level 2.6 Evocations


You had 11 spell levels left.
You didn't know any spells.
Your spell library contained the following spells:

 Spells                   Type           Power      Damage    Failure   Level
 Sublimation of Blood     Necr           3%         N/A       63%         2
 Portal Projectile        Hex/Tloc       6%         N/A       85%         3
 Tukima's Dance           Hex            3%         N/A       85%         3
 Animate Dead             Necr           3%         N/A       99%         4
 Petrify                  Tmut/Erth      3%         N/A       99%         4
 Blade Hands              Tmut           1%         N/A       100%        5
 Irradiate                Conj/Tmut      1%         3d13      100%        5
 Haunt                    Necr/Summ      1%         N/A       100%        7
 Infestation              Necr           1%         N/A       100%        8


Dungeon Overview and Level Annotations

Branches:
Dungeon (6/15)
 Temple: D:4-7

Altars:
Elyvilon


Innate Abilities, Weirdness & Mutations

You have very sharp teeth.
Your uncanny sense of smell can sniff out nearby items.
Your experience applies equally to all skills.


Message History

You start resting.
HP restored.
You see here 17 stones. 2 ogres come into view.
Found a ring mail.
The ogre shouts!
You see here 17 stones.
Found a potion of heal wounds.
An ogre is nearby!
There is a stone staircase leading down here.
You climb downwards.
There is a stone staircase leading up here.
You climb upwards.
There is a stone staircase leading down here.
You puncture the ogre!
The ogre is heavily wounded.
The ogre barely misses you.
You hit the ogre.
The ogre is heavily wounded.
The ogre hits you with a +0 giant club!
You barely miss the ogre.
The ogre is heavily wounded.
You closely miss the ogre. You bite the ogre.
The ogre is heavily wounded.
The ogre misses you.
You hit the ogre but do no damage.
The ogre is heavily wounded.
The ogre misses you.
You puncture the ogre!
The ogre is almost dead.
The ogre hits you with a +0 giant club!!
You hit the ogre.
The ogre is almost dead.
You barely miss the ogre. You bite the ogre.
The ogre is almost dead.
The ogre barely misses you.
You barely miss the ogre.
The ogre is almost dead.
The ogre hits you with a +0 giant club!!
You die...

#..............(.##.
#................รท'.
#................##.
#.....).###########.
###+###)# #.
#.###.###########.
#O................
#O#............###
#@############.#
#........ .!..
######### ....##
.....+ ......#
....#... . ..


You could see 2 ogres.

Vanquished Creatures
  Sigmund (D:6)
  An ice beast (D:6)
  A black bear (D:5)
  2 hounds
  3 orc priests (D:5)
  2 iguanas
  3 adders
  3 gnolls (D:5)
  An ufetubus (D:6)
  3 worms
  3 dart slugs
  12 orcs
  4 endoplasms
  5 giant cockroaches
  6 goblins
  9 hobgoblins
  3 jackals (D:1)
  3 kobolds
  3 quokkas
  4 ball pythons
  6 bats
  4 frilled lizards
  6 rats
88 creatures vanquished.

Notes
Turn   | Place    | Note
-------+----------+-------------------------------------------
     0 | D:1      | MechDurjaeses the Gnoll Fighter began the quest for the
                  | Orb.
     0 | D:1      | Reached XP level 1. HP: 23/23 MP: 1/1
   231 | D:1      | Reached XP level 2. HP: 24/29 MP: 2/2
   773 | D:1      | Reached XP level 3. HP: 35/35 MP: 3/3
  1135 | D:2      | Found a white marble altar of Elyvilon.
  1164 | D:2      | Reached skill level 1 in Invocations
  1736 | D:2      | Reached skill level 1 in Short Blades
  1736 | D:2      | Reached skill level 1 in Long Blades
  1736 | D:2      | Reached skill level 1 in Axes
  1736 | D:2      | Reached skill level 1 in Maces & Flails
  1736 | D:2      | Reached skill level 1 in Staves
  1736 | D:2      | Reached skill level 1 in Slings
  1736 | D:2      | Reached skill level 1 in Bows
  1736 | D:2      | Reached skill level 1 in Crossbows
  1736 | D:2      | Reached skill level 1 in Throwing
  1736 | D:2      | Reached skill level 1 in Dodging
  1736 | D:2      | Reached skill level 1 in Stealth
  1736 | D:2      | Reached skill level 1 in Unarmed Combat
  1736 | D:2      | Reached skill level 1 in Spellcasting
  1736 | D:2      | Reached skill level 1 in Evocations
  2095 | D:3      | Reached XP level 4. HP: 39/41 MP: 5/5
  2611 | D:3      | Reached skill level 1 in Conjurations
  2611 | D:3      | Reached skill level 1 in Hexes
  2611 | D:3      | Reached skill level 1 in Summonings
  2611 | D:3      | Reached skill level 1 in Necromancy
  2611 | D:3      | Reached skill level 1 in Translocations
  2611 | D:3      | Reached skill level 1 in Transmutations
  2611 | D:3      | Reached skill level 1 in Fire Magic
  2611 | D:3      | Reached skill level 1 in Ice Magic
  2611 | D:3      | Reached skill level 1 in Air Magic
  2611 | D:3      | Reached skill level 1 in Earth Magic
  2611 | D:3      | Reached skill level 1 in Poison Magic
  3146 | D:4      | Reached XP level 5. HP: 47/47 MP: 6/6
  3238 | D:4      | You fall into a shaft and drop 1 floor!
  3238 | D:5      | Entered Level 5 of the Dungeon
  3366 | D:5      | Noticed an orc warrior
  3387 | D:5      | HP: 1/47 [orc priest/divine providence (8)]
  3883 | D:6      | Noticed Sigmund
  3910 | D:6      | Killed Sigmund
  3911 | D:6      | Reached skill level 5 in Polearms
  3911 | D:6      | Reached XP level 6. HP: 24/53 MP: 7/9
  4098 | D:6      | Noticed an ice beast
  4109 | D:6      | Killed an ice beast
  4110 | D:6      | Reached XP level 7. HP: 45/59 MP: 10/10
  4948 | D:5      | Slain by an ogre

Illustrated notes

Levels and vault maps discovered:
D:1:      dpeg_cavernosity, layout_loops_ring
D:2:      layout_loops_corners, basic_altar
D:3:      minmay_general_purpose_star, layout_basic,
          nicolae_concentric_dashed_squares_mild
D:4:      layout_basic, lexackson_kobold_supper, uniq_eustachio
D:5:      layout_basic, pf_guarded_unrand_meek
D:6:      layout_basic, uniq_sigmund

Skill      XL: |  1  2  3  4  5  6  7 |
---------------+----------------------+-----
Invocations    | 1 2 |  2.9
Short Blades   | 1 2 |  2.6
Long Blades    | 1 2 |  2.6
Axes           | 1 2 |  2.6
Maces & Flails | 1 2 |  2.6
Staves         | 1 2 |  2.6
Slings         | 1 2 |  2.6
Bows           | 1 2 |  2.6
Crossbows      | 1 2 |  2.6
Throwing       | 1 2 |  2.6
Dodging        | 1 2 |  2.6
Stealth        | 1 2 |  2.6
Unarmed Combat | 1 2 |  2.6
Spellcasting   | 1 2 |  2.6
Evocations     | 1 2 |  2.6
Conjurations   | 1 2 |  2.1
Hexes          | 1 2 |  2.1
Summonings     | 1 2 |  2.1
Necromancy     | 1 2 |  2.1
Translocations | 1 2 |  2.1
Transmutations | 1 2 |  2.1
Fire Magic     | 1 2 |  2.1
Ice Magic      | 1 2 |  2.1
Air Magic      | 1 2 |  2.1
Earth Magic    | 1 2 |  2.1
Poison Magic   | 1 2 |  2.1
Polearms       | 5 |  5.3
Fighting       | 7 |  7.1
Armour         | 7 |  7.1
Shields        | 7 |  7.1

Action                   |  1- 3 |  4- 6 |  7- 9 || total
-------------------------+-------+-------+-------++-------
Melee: Trident           |   119 |   151 |    89 ||   359
       Bite              |     7 |    17 |     8 ||    32
  Use: Scroll            |     6 |     5 |     2 ||    13
       Potion            |       |     4 |       ||     4
Armor: Scale mail        |    38 |    59 |    23 ||   120
Dodge: Dodged            |    43 |    56 |    39 ||   138
Block: Buckler           |    19 |    35 |    25 ||    79

Table legend: (Time is in decaauts)
 A = Elapsed time spent in this place.
 B = Non-inter-level travel time spent in this place.
 C = Inter-level travel time spent in this place.
 D = Time resting spent in this place.
 E = Time spent auto-exploring this place.
 F = Levels seen in this place.
 G = Mean time per level.
                   A        B        C        D        E       F      G
               +--------+--------+--------+--------+--------+-----+--------+
         Total |   4966 |   4768 |    198 |    642 |   3402 |   6 |  827.7 |
       Dungeon |   4966 |   4768 |    198 |    642 |   3402 |   6 |  827.7 |
               +--------+--------+--------+--------+--------+-----+--------+

Top non-repeatable levels by time:
     D:3: 1049 daAuts
     D:1: 1029 daAuts
     D:2: 1001 daAuts
     D:5: 968 daAuts
     D:6: 739 daAuts
     D:4: 178 daAuts
